Map: Abyssal Reef LE

Players

SolO

  • Race: Zerg Zerg
  • Spawn Location: 11:00

Gerald - Winner!

  • Race: Protoss Protoss
  • Spawn Location: 5:00

Event: WCS Valencia 2017

VOD

Have the link to the VOD?

Description

Time

  • Played on: July 13, 2017, 6:33 a.m.
  • Length: 12:57

All games in this series

Show
View Real Time Build Order
Export as new Build Order

SolO Zerg 

Build Orders: Pool First 

Get SALT Encoding   

  12  0:00  Drone  
  13  0:12  Overlord  
  13  0:17  Drone  
  14  0:31  Drone x2  
  14  0:34  Drone  
  17  0:50  Drone  
  17  0:52  Spawning Pool  
  17  0:56  Drone  
  18  1:13  Hatchery  
  18  1:16  Drone  
  18  1:19  Drone  
  18  1:22  Extractor  
  18  1:38  Queen  
  18  1:39  Zergling x4  
  22  1:49  Overlord  
  22  2:09  Drone  
  22  2:13  Drone  
  22  2:14  Hatchery  
  23  2:22  Metabolic Boost  
  23  2:29  Queen  
  23  2:32  Drone  
  27  2:37  Drone  
  27  2:40  Drone  
  27  2:42  Drone  
  29  2:51  Queen  
  29  2:55  Drone  
  32  2:59  Drone  
  32  3:02  Overlord  
  33  3:10  Drone x2  
  34  3:15  Drone  
  34  3:16  Drone  
  34  3:19  Overlord  
  36  3:30  Spore Crawler  
  34  3:36  Drone x5  
  39  3:42  Drone x2  
  39  3:46  Overlord  
  42  3:49  Drone x2  
  42  3:54  Drone x2  
  46  3:57  Overlord  
  46  4:00  Drone  
  46  4:01  Drone  
  48  4:07  Roach Warren  
  48  4:10  Drone x3  
  49  4:18  Spore Crawler  
  49  4:19  Spore Crawler  
  49  4:21  Drone  
  49  4:22  Drone x3  
  50  4:32  Drone x3  
  50  4:34  Extractor  
  50  4:36  Drone x3  
  50  4:37  Overlord x2  
  50  4:38  Overlord  
  55  4:44  Zergling x4  
  57  4:49  Roach  
  57  4:50  Roach x2  
  63  4:57  Roach  
  63  4:58  Roach x2  
  63  4:59  Roach  
  75  5:00  Roach x2  
  75  5:01  Roach  
  75  5:04  Zergling x4  
  75  5:05  Zergling x2  
  80  5:09  Zergling x2  
  81  5:17  Roach x2  
  81  5:18  Roach  
  87  5:25  Drone x3  
  86  5:35  Drone x3  
  85  5:36  Lair, Drone x3  
  85  5:37  Overlord  
  85  5:38  Overlord  
  90  5:43  Overlord  
  90  5:48  Evolution Chamber  
  90  5:49  Extractor  
  88  5:50  Drone x2  
  88  5:51  Extractor  
  89  5:57  Drone  
  89  5:58  Drone x3  
  93  6:07  Baneling Nest  
  93  6:08  Spore Crawler, Drone x9  
  93  6:10  Extractor  
  99  6:11  Extractor  
  99  6:15  Zerg Melee Weapons Level 1  
  99  6:17  Drone x3  
  101  6:25  Drone  
  101  6:26  Overlord  
  100  6:33  Glial Reconstitution  
  100  6:36  Hydralisk Den  
  100  6:39  Drone  
  100  6:42  Zergling x2  
  100  6:43  Zergling x20  
  100  6:46  Hatchery  
  110  6:48  Overseer  
  110  7:00  Drone  
  106  7:05  Drone x3  
  106  7:06  Drone  
  106  7:08  Drone x2  
  106  7:09  Muscular Augments, Centrifical Hooks  
  106  7:10  Hydralisk x3  
  106  7:12  Drone  
  113  7:18  Hydralisk x3  
  119  7:24  Hydralisk  
  119  7:29  Overlord x3  
  121  7:38  Overlord  
  121  7:41  Overlord  
  121  7:48  Hydralisk, Overlord  
  121  7:49  Hydralisk x4  
  130  7:53  Ravager x2  
  130  7:54  Ravager x3  
  130  7:56  Hydralisk  
  130  7:57  Zergling x6  
  140  8:01  Zergling x2  
  140  8:02  Zergling x6  
  144  8:06  Hydralisk x2  
  144  8:12  Queen  
  150  8:14  Spine Crawler  
  150  8:16  Drone, Spine Crawler  
  150  8:17  Drone  
  150  8:20  Baneling  
  150  8:21  Baneling x5  
  150  8:23  Zergling x4  
  150  8:25  Baneling x2  
  150  8:26  Ravager, Baneling x2  
  153  8:30  Zergling x6  
  153  8:32  Baneling  
  153  8:33  Baneling x3  
  156  8:35  Baneling x4  
  133  8:54  Hydralisk  
  133  8:55  Hydralisk x6  
  110  8:56  Zergling x2  
  110  8:57  Zergling x6  
  112  9:08  Hydralisk x4  
  105  9:14  Hydralisk x2  
  105  9:15  Zergling x4  
  105  9:16  Zergling x4  
  113  9:17  Overseer  
  113  9:21  Drone  
  113  9:22  Drone x2  
  116  9:26  Baneling x6  
  116  9:32  Hydralisk x2  
  116  9:33  Zergling x4  
  116  9:34  Zergling x2  
  123  9:39  Drone x4  
  123  9:43  Zergling x8  
  123  9:44  Baneling  
  123  9:45  Baneling  
  131  9:46  Baneling x3  
  131  9:47  Baneling  
  131  9:51  Zergling x4  
  131  9:52  Zergling x4  
  135  9:56  Zerg Melee Weapons Level 2  
  132  10:04  Hydralisk  
  132  10:05  Hydralisk x3  
  137  10:10  Drone x6  
  137  10:12  Extractor  
  137  10:13  Extractor  
  141  10:15  Infestation Pit  
  141  10:18  Spore Crawler  
  141  10:19  Drone x2  
  141  10:21  Baneling  
  141  10:22  Baneling x5  
  141  10:29  Lurker Den  
  141  10:32  Queen  
  143  10:38  Zergling x20  
  143  10:39  Zergling x2  
  143  10:42  Baneling  
  154  10:43  Baneling x4  
  154  10:44  Baneling  
  154  10:47  Overlord x2  
  154  10:57  Baneling  
  154  10:58  Baneling x4  
  154  10:59  Baneling x2  
  154  11:00  Zergling x12  
  159  11:08  Zergling x2  
  159  11:09  Zergling x16  
  152  11:21  Hydralisk x2  
  152  11:22  Hydralisk x2  
  152  11:23  Zergling x2  
  152  11:25  Overseer  
  142  11:26  Overseer x2  
  135  11:39  Hydralisk x6  
  144  11:52  Hatchery  
  143  12:01  Hydralisk  
  143  12:02  Hydralisk x2  
  147  12:08  Zergling x2  
  147  12:09  Zergling x10  
  149  12:21  Spine Crawler  
  146  12:24  Zergling x4  
  146  12:25  Zergling x6  
  151  12:31  Spawning Pool  
Show
View Real Time Build Order
Export as new Build Order

Gerald Protoss - Winner!

Build Orders: 1 Gate Expand, Zealot Archon 

Get SALT Encoding   

  12  0:00  Probe (Chrono Boost)  
  13  0:11  Probe (Chrono Boost)  
  14  0:19  Pylon  
  14  0:22  Probe (Chrono Boost)  
  15  0:37  Probe (Chrono Boost)  
  15  0:40  Gateway  
  16  0:48  Probe (Chrono Boost)  
  16  0:49  Assimilator  
  17  0:58  Probe (Chrono Boost)  
  17  1:02  Pylon  
  18  1:09  Probe (Chrono Boost)  
  19  1:19  Probe (Chrono Boost)  
  20  1:27  Nexus  
  20  1:31  Probe (Chrono Boost)  
  21  1:40  Cybernetics Core  
  21  1:43  Probe (Chrono Boost)  
  22  1:50  Assimilator  
  22  1:54  Probe (Chrono Boost)  
  22  1:58  Pylon  
  23  2:16  Probe (Chrono Boost), Adept (Chrono Boost)  
  23  2:20  Warp Gate  
  26  2:25  Twilight Council  
  26  2:28  Probe  
  27  2:40  Probe, Stalker (Chrono Boost)  
  27  2:42  Probe  
  31  2:52  Probe  
  31  2:53  Mothership Core  
  34  3:03  Probe  
  35  3:13  Probe  
  35  3:14  Probe  
  35  3:17  Adept (Chrono Boost)  
  39  3:24  Probe  
  39  3:25  Resonating Glaives (Chrono Boost)  
  39  3:26  Probe  
  39  3:35  Probe  
  39  3:38  Probe  
  43  3:41  Adept  
  43  3:43  Gateway  
  43  3:44  Pylon, Gateway  
  43  3:45  Probe  
  44  3:50  Gateway  
  44  3:51  Probe  
  45  3:56  Probe  
  46  4:03  Probe  
  46  4:06  Probe  
  46  4:08  Pylon  
  48  4:15  Probe  
  49  4:17  Probe  
  49  4:18  Nexus  
  49  4:27  Probe x2  
  49  4:28  Assimilator  
  49  4:30  Assimilator  
  49  4:39  Probe  
  49  4:41  Probe, Adept x3  
  57  4:47  Adept  
  57  4:51  Probe (Chrono Boost)  
  60  4:53  Probe (Chrono Boost)  
  61  5:02  Pylon, Probe (Chrono Boost)  
  61  5:05  Robotics Facility  
  62  5:20  Pylon, Probe x2 (Chrono Boost)  
  64  5:25  Adept  
  64  5:27  Adept x2  
  69  5:31  Probe x2 (Chrono Boost)  
  69  5:32  Probe (Chrono Boost)  
  70  5:41  Robotics Facility  
  70  5:42  Probe x3 (Chrono Boost), Assimilator  
  73  5:43  Pylon  
  73  5:46  Forge  
  73  5:47  Assimilator  
  73  5:48  Charge (Chrono Boost)  
  73  5:52  Probe (Chrono Boost)  
  73  5:55  Probe (Chrono Boost)  
  73  5:57  Probe (Chrono Boost)  
  73  6:02  Probe (Chrono Boost), Sentry, Immortal (Chrono Boost)  
  73  6:03  Sentry  
  81  6:06  Probe (Chrono Boost)  
  81  6:08  Probe (Chrono Boost)  
  83  6:11  Probe (Chrono Boost)  
  83  6:12  Sentry  
  83  6:15  Probe, Pylon  
  87  6:20  Probe, Templar Archives  
  87  6:23  Protoss Ground Weapons Level 1  
  88  6:27  Probe  
  88  6:31  Probe  
  90  6:36  Immortal (Chrono Boost)  
  90  6:38  Immortal (Chrono Boost)  
  90  6:39  Probe  
  100  6:40  Pylon  
  100  6:41  Gateway  
  100  6:45  Gateway  
  99  6:52  Probe  
  100  6:55  Probe  
  100  7:00  Probe  
  102  7:03  Psionic Storm  
  102  7:04  Probe  
  102  7:06  Probe  
  98  7:09  High Templar x2  
  98  7:10  Zealot x2  
  98  7:12  Probe  
  107  7:16  Probe x2  
  107  7:19  Nexus  
  109  7:23  Pylon  
  109  7:24  Probe  
  109  7:26  Pylon x2, Immortal  
  110  7:30  Pylon  
  110  7:34  Immortal  
  114  7:37  High Templar  
  116  7:44  High Templar  
  116  7:45  Zealot, High Templar x2  
  116  7:46  Zealot, Pylon  
  116  7:48  Archon  
  116  7:49  Archon  
  126  7:58  Photon Cannon  
  126  7:59  Photon Cannon  
  126  8:02  Photon Cannon  
  126  8:04  Probe  
  131  8:05  Immortal  
  131  8:07  Probe  
  131  8:11  Dark Shrine  
  132  8:13  Probe  
  132  8:15  Protoss Ground Weapons Level 2, Gateway  
  132  8:16  Gateway  
  132  8:19  High Templar x3  
  139  8:23  Probe  
  139  8:24  Probe, Assimilator  
  139  8:25  Probe  
  142  8:28  Assimilator  
  142  8:29  Immortal  
  142  8:34  Probe, Archon  
  146  8:37  Zealot  
  146  8:38  Zealot x2  
  117  8:56  Zealot x3  
  117  9:00  Zealot x3  
  117  9:02  Mothership Core  
  119  9:09  Probe  
  114  9:11  Photon Cannon  
  114  9:12  Photon Cannon  
  114  9:16  Immortal  
  114  9:17  Immortal  
  122  9:18  High Templar x2  
  122  9:19  High Templar  
  122  9:20  Probe  
  129  9:26  High Templar  
  129  9:27  Zealot x2  
  135  9:37  Gateway  
  135  9:38  Gateway, High Templar  
  135  9:39  High Templar  
  135  9:42  Gateway  
  135  9:44  Pylon  
  139  9:47  Gateway, Archon  
  139  9:48  High Templar  
  139  9:49  Zealot  
  139  9:51  Zealot x3  
  149  9:55  Warp Prism (Chrono Boost)  
  149  9:57  Photon Cannon  
  141  10:08  Immortal (Chrono Boost)  
  145  10:17  High Templar x2  
  145  10:18  Zealot x5  
  159  10:21  Archon  
  159  10:22  Nexus  
  159  10:24  Pylon  
  159  10:29  Immortal (Chrono Boost)  
  159  10:33  Probe  
  164  10:39  Pylon  
  164  10:41  Pylon  
  164  10:43  Pylon  
  164  10:45  Pylon  
  164  10:48  Photon Cannon  
  164  10:51  Assimilator  
  164  10:53  Stargate  
  164  10:54  Assimilator, Stargate  
  164  10:57  Photon Cannon  
  164  11:11  Dark Templar x6  
  166  11:12  Zealot x6  
  170  11:23  Immortal (Chrono Boost)  
  129  11:25  Probe  
  129  11:27  Probe  
  126  11:33  Probe, Immortal (Chrono Boost)  
  126  11:34  Probe  
  118  11:48  High Templar x4  
  118  11:49  Zealot x8  
  118  11:50  Probe  
  143  11:58  Immortal (Chrono Boost)  
  147  12:07  Immortal (Chrono Boost)  
  151  12:10  Zealot x8  
  167  12:20  Fleet Beacon  
  167  12:25  Probe  
  167  12:28  Probe  
  173  12:38  Dark Templar x3  
  173  12:39  Dark Templar  
  183  12:45  Archon  
  183  12:46  Archon  
  183  12:50  Zealot x8  
Tags
 
Add a new tag
Caveats
  • Supply blocks, unpowered buildings, or Contaminate may cause inaccurate times.
  • Supply counts are checked every 10 seconds.